 Dungeon Crawl Stone Soup version 0.28.0-43-g3370ac3207 (webtiles) character file.

Game seed: 803365728638921381

20 pkoi the Ruffian (level 2, -1/23 HPs)
             Began as a Draconian Transmuter on Mar 10, 2022.
             Slain by an adder (4 damage)
             ... on level 2 of the Dungeon.
             The game lasted 00:01:22 (1730 turns).

pkoi the Ruffian (Draconian Transmuter)             Turns: 1730, Time: 00:01:22

Health: -1/23      AC:  4    Str: 12    XL:     2   Next: 58%
Magic:  5/5        EV: 12    Int: 13    God:
Gold:   84         SH:  0    Dex: 11    Spells: 4/5 levels left

rFire   . . .      SeeInvis .   g - +1 dagger (venom)
rCold   . . .      Faith    .   (no shield)
rNeg    . . .      Spirit   .   (armour unavailable)
rPois   .          Reflect  .   (helmet restricted)
rElec   .          Harm     .   (no cloak)
rCorr   .          Rampage  .   (no gloves)
Will    .....                   (no boots)
Stlth   +.........              (no amulet)
HPRegen 0.07/turn               (no ring)
MPRegen 0.09/turn               (no ring)

@: no status effects
A: AC +4, unfitting armour, cold-blooded
a: no special abilities


You were on level 2 of the Dungeon.
You visited 1 branch of the dungeon, and saw 2 of its levels.

You collected 84 gold pieces.

Inventory:

Hand Weapons
 d - a +0 dagger
 g - a +1 dagger of venom (weapon)
Missiles
 h - 4 poisoned darts
Jewellery
 b - a +4 ring of evasion
Scrolls
 a - a scroll of noise {unknown}
 e - a scroll of identify {unknown}
Potions
 c - a potion of haste {unknown}
 f - a potion of brilliance {unknown}


   Skills:
 - Level 1.1 Fighting
 - Level 1.7 Dodging
 * Level 3.6 Unarmed Combat
 - Level 2.0 Spellcasting
 + Level 2.4 Transmutations


You had 4 spell levels left.
You knew the following spells:

 Your Spells              Type           Power      Damage    Failure   Level
a - Beastly Appendage     Tmut           14%        N/A       10%         1

Your spell library contained the following spells:

 Spells                   Type           Power      Damage    Failure   Level
 Wereblood                Tmut           7%         N/A       14%         2
 Spider Form              Tmut/Pois      4%         N/A       43%         3
 Dazzling Flash           Conj/Hex       2%         N/A       58%         3
 Ice Form                 Ice/Tmut       4%         N/A       83%         4
 Iskenderun's Mystic Bla  Conj/Tloc      1%         2d3       94%         4
 Starburst                Conj/Fire      0%         6d3       100%        6


Dungeon Overview and Level Annotations

Branches:
Dungeon (2/15)

Altars:

Shops:
D:1 *


Innate Abilities, Weirdness & Mutations

Your plain brown scales are hard. (AC +4)
You cannot fit into any form of body armour.
You are cold-blooded and may be slowed by cold attacks.


Message History

You kill the giant cockroach!
You closely miss the adder. The adder misses you. The adder bites you.
You are too injured to fight recklessly!
You are too injured to fight recklessly!
You are too injured to fight recklessly!
You are too injured to fight recklessly!
You are too injured to fight recklessly!
Unknown command.
The ball python hisses angrily.
You closely miss the ball python. Your punch misses the ball python.
The adder bites you.
* * * LOW HITPOINT WARNING * * *
You are poisoned.
The adder poisons you!
The ball python bites you but does no damage.
The ball python barely misses you. The adder bites you.
* * * LOW HITPOINT WARNING * * *
You hit the ball python.
You kill the ball python!
You feel sick. The adder bites you.
* * * LOW HITPOINT WARNING * * *
A frilled lizard comes into view.
Unknown command.
You feel sick.
Unknown command.
You feel sick. The adder closely misses you.
The frilled lizard hisses angrily.
You hit the adder.
The adder is lightly wounded.
You feel sick. The adder bites you.
* * * LOW HITPOINT WARNING * * *
You hit the adder but do no damage.
The adder is poisoned.
The adder is lightly wounded.
You feel sick. The adder bites you but does no damage.
You hit the adder but do no damage.
The adder looks as sick as possible!
The adder is heavily wounded.
You feel sick.
You are no longer poisoned.
The adder bites you.
You die...

. # #.##... ..###.#.....
. ...........##
........##.... ####
.........?..# ...
..#.#...†...## #..##
.... #.#.$..# ....#
#..#.##...### #....#
#l.@SgS....###....#
.....#..####.....<....#
.###..#..###..##).....#
#..###.##.........#....#
...## ######.#......##
....# ...#.##.....#.
...### #.#...#...... #
....# #.)##.....###
$..###.#.######.###....#


You could see an adder (extremely poisoned), a hobgoblin, a ball python and a
frilled lizard.

Vanquished Creatures
  A dart slug (D:1)
  2 endoplasms
  A giant cockroach (D:2)
  2 goblins
  A hobgoblin (D:1)
  A ball python (D:2)
  A bat (D:1)
  2 frilled lizards
  4 kobolds
  3 rats
18 creatures vanquished.

Notes
Turn   | Place    | Note
-------+----------+-------------------------------------------
     0 | D:1      | pkoi the Draconian Transmuter began the quest for the Orb.
     0 | D:1      | Reached XP level 1. HP: 16/16 MP: 3/3
   426 | D:1      | Reached XP level 2. HP: 23/23 MP: 5/5
   869 | D:1      | Found Zeino's Assorted Antiques.
   963 | D:1      | Found a faded altar of an unknown god.
  1730 | D:2      | Slain by an adder

Illustrated notes

Levels and vault maps discovered:
D:1:      minmay_arrival_three_doors, layout_basic, serial_shops, shop,
          chequers_ecumenical_altar_lobes, grunt_decor_arrowhead
D:2:      layout_rooms

Action                   || total
-------------------------++-------
Melee: Unarmed           ||    40
       Tailslap          ||     5
       Headbutt          ||     1
       Dagger            ||     8
       Kick              ||     3
       Punch             ||     1
 Cast: Beastly Appendage ||     7
Armor: Skin              ||     9
Dodge: Dodged            ||    20
